 Dungeon Crawl Stone Soup version 0.20.1-1-g8b1a95d (webtiles) character file.

12518 letownia2 the Reanimator (level 11, -1/96 HPs)
             Began as a Deep Dwarf Necromancer on Nov 26, 2017.
             Was an Initiate of Gozag.
             Slain by a crocodile (11 damage)
             ... on level 1 of the Lair of Beasts.
             The game lasted 00:39:21 (11327 turns).

letownia2 the Reanimator (Deep Dwarf Necromancer)  Turns: 11327, Time: 00:39:21

Health: -1/96      AC:  9    Str: 13    XL:     11   Next: 63%
Magic:  16/18      EV: 10    Int: 18    God:    Gozag
Gold:   2749       SH:  0    Dex: 18    Spells: 16/20 levels left

rFire    . . .     SeeInvis .   b - staff of energy
rCold    . . .     Gourm    .   (no shield)
rNeg     . . .     Faith    .   h - +0 scale mail
rPois    .         Spirit   .   (no helmet)
rElec    .         Reflect  .   (no cloak)
rCorr    .         Harm     .   m - +0 pair of gloves
MR       ++...                  (no boots)
Stlth    +.........             (no amulet)
Regen    0.0/turn               o - +5 ring of dexterity
MPRegen  0.2/turn               W - ring of protection from magic

@: non-regenerating
A: damage resistance, heal wounds, sense surroundings 2, no regeneration
a: Heal Wounds, Potion Petition, Call Merchant, Bribe Branch, Renounce Religion


You were on level 1 of the Lair of Beasts.
You worshipped Gozag.
Gozag was most pleased with you.
You were near starving.

You visited 4 branches of the dungeon, and saw 14 of its levels.
You also visited: Ossuary.

You collected 2828 gold pieces.
You paid 79 gold pieces to Gozag.

Inventory:

Hand Weapons
 a - a +1 war axe of electrocution
 d - a +4 trident of flaming
 s - a +3 battleaxe of freezing
 M - a +2 shortbow of flaming
Missiles
 g - a throwing net (quivered)
 r - 126 arrows
Armour
 h - a +0 scale mail (worn)
 m - a +0 pair of gloves (worn)
 O - a +2 leather armour of magic resistance
Magical Staves
 b - an uncursed staff of energy (weapon)
 e - an uncursed staff of cold
 x - an uncursed staff of fire
Jewellery
 o - a +5 ring of dexterity (left hand)
 W - a ring of protection from magic (right hand)
Wands
 l - a wand of scattershot (3/9)
 v - a wand of clouds (5/9)
 H - a wand of random effects (17/48)
 L - a wand of confusion (14/48)
 T - a wand of flame (11/48)
Scrolls
 f - 2 scrolls of blinking {unknown}
 i - 4 scrolls of identify
 j - 6 scrolls of teleportation
 n - 7 scrolls of remove curse
 p - 5 scrolls of recharging
 w - 2 scrolls of immolation
 y - a scroll of magic mapping {unknown}
 z - a scroll of noise {unknown}
 B - 2 scrolls of enchant weapon
 C - 2 scrolls of amnesia
 D - a scroll of fog {unknown}
 F - a scroll of vulnerability {unknown}
 Q - 2 scrolls of enchant armour {unknown}
Potions
 u - a potion of mutation
 A - 2 potions of flight
 G - 6 potions of heal wounds
 I - 3 potions of brilliance
 J - a potion of berserk rage
 K - a potion of cancellation
 P - a potion of magic
 R - 5 potions of curing
Books
 q - a book of Necromancy

   Spells                             Type                      Level
   a - Pain                           Necromancy                   1
   b - Animate Skeleton               Necromancy                   1
   c - Vampiric Draining              Necromancy                   3
   d - Regeneration                   Charms/Necromancy            3
   e - Animate Dead                   Necromancy                   4
   f - Control Undead                 Necromancy                   4
Comestibles
 c - 7 bread rations
 t - 8 meat rations
 N - a royal jelly
 Y - 5 fruits


   Skills:
 - Level 5.5 Fighting
 + Level 10.5 Axes
 - Level 8.1 Armour
 - Level 2.1 Dodging
 - Level 2.4 Stealth
 + Level 5.2 Spellcasting
 + Level 12.0 Necromancy
 - Level 6.0 Evocations


You had 16 spell levels left.
You knew the following spells:

 Your Spells              Type           Power        Failure   Level  Hunger
a - Pain                  Necr           ####         1%          1    None
v - Vampiric Draining     Necr           #####.....   1%          3    None


Dungeon Overview and Level Annotations

Branches:
Dungeon (10/15)            Temple (1/1) D:6            Lair (1/6) D:9
    Orc (2/2) D:10
    Elf: Orc:2

Altars:
Ashenzari
Cheibriados
Dithmenos
Elyvilon
Fedhas
Gozag
Hepliaklqana
Kikubaaqudgha
Makhleb
Okawaru
Qazlal
Ru
Sif Muna
Trog
Uskayaw
Vehumet
Xom
Yredelemnul
Zin

Shops:
D:4 [

Annotations:
D:8 4 runed doors
D:9 DIG HERE BITCH


Innate Abilities, Weirdness & Mutations

You are resistant to damage.
You can heal yourself by infusing magical energy.
You passively map the area around you.
You do not regenerate.


Message History

Press: ? - help, Shift-Dir - straight line, f - crocodile, p - bullfrog
Aim: a crocodile (chance to defeat MR: 64%)
The crocodile struggles to resist.
This wand has 15 charges left.
Unknown command.
Evoke which item? (* to show all) (? for menu, Esc to quit)
Aiming: Confuse
Press: ? - help, Shift-Dir - straight line, f/p - crocodile
Aim: a crocodile (chance to defeat MR: 64%)
The crocodile struggles to resist.
This wand has 14 charges left.
Unknown command.
Unknown command.
Casting: Vampiric Draining
Confirm with . or Enter, or press ? or * to list all spells.
Aiming: Vampiric Draining
Press: ? - help, Shift-Dir - straight line, f/p - crocodile
Aim: a crocodile The crocodile is moderately wounded.
You feel life coursing into your body. The crocodile bites you!
You die...
Your body crumbles into a pile of gold.

* * , * ,
.#####P###
* * , **
.........#
* * ,** $,
.........+
, , , ,
.........#
** , , ,
.........#
,....[....#
,, ,
.......t.#
* ,,,
..F....@.#
* * ,,,
.........#
* ,*
######P###
, ## * *, ,
* , * , , ,
$


You could see a crocodile and a bullfrog (confused).

Vanquished Creatures
  Josephine (Orc:2)
  A hydra (D:10)
  2 two-headed ogres (D:9)
  An unseen horror (D:10)
  A troll (D:9)
  Grinder (D:5)
  3 hippogriffs
  5 wraiths
  A wyvern (D:9)
  The ghost of AdmiralAndromeda the Ogre Mage, an amateur OgWz (D:3)
  A hungry ghost (D:7)
  2 steam dragons (D:9)
  4 wargs
  Duvessa (D:6)
  5 orc warriors
  2 ice beasts
  3 sky beasts
  2 black bears
  A necrophage (D:9)
  7 centaurs
  6 ogres
  A big kobold (D:8)
  2 bullfrogs
  A gnoll sergeant (D:6)
  A water moccasin skeleton (D:10)
  Dowan (D:6)
  2 scorpions
  6 killer bees (D:7)
  An oklob sapling (D:6)
  8 wights
  6 howler monkeys
  A crimson imp (D:6)
  5 bullfrog zombies
  2 jellies
  5 centaur zombies
  6 hounds
  2 centaur skeletons
  16 orc priests
  2 iguanas
  A bullfrog skeleton (D:6)
  Terence (D:2)
  22 orc wizards
  Natasha (thrice) (D:2)
  4 worker ants
  A killer bee zombie (Ossuary)
  2 hound zombies
  2 howler monkey zombies
  14 mummies (Ossuary)
  5 hound skeletons
  A worker ant zombie (Ossuary)
  4 gnolls
  14 adders
  3 shadow imps
  A worm zombie (D:7)
  3 adder zombies (Ossuary)
  2 dart slugs
  2 worms
  A leopard gecko (D:5)
  59 orcs
  4 ball pythons
  5 giant cockroaches
  6 goblins
  8 hobgoblins
  12 jackals
  6 quokkas
  11 bats
  10 frilled lizards
  A giant cockroach zombie (Ossuary)
  3 jackal zombies
  11 kobolds
  A leopard gecko skeleton (D:4)
  2 leopard gecko zombies
  4 quokka zombies
  3 rats
  5 plants (D:6)
356 creatures vanquished.

Notes
Turn   | Place    | Note
-------+----------+-------------------------------------------
     0 | D:1      | letownia2 the Deep Dwarf Necromancer began the quest for the Orb.
     0 | D:1      | Reached XP level 1. HP: 15/15 MP: 3/3
   172 | D:3      | Found a burning altar of Makhleb.
   201 | D:3      | Reached XP level 2. HP: 22/22 MP: 0/5
   528 | D:4      | Reached skill level 5 in Necromancy
   528 | D:4      | Reached XP level 3. HP: 26/28 MP: 1/6
   547 | D:3      | Learned a level 3 spell: Vampiric Draining
   617 | D:3      | Noticed AdmiralAndromeda's ghost (amateur OgWz)
   627 | D:4      | Reached skill level 6 in Necromancy
   627 | D:4      | Reached XP level 4. HP: 26/36 MP: 2/7
   632 | D:4      | Noticed a centaur
   864 | D:4      | Reached XP level 5. HP: 33/42 MP: 0/8
   957 | D:4      | Reached skill level 7 in Necromancy
  1499 | D:4      | Reached XP level 6. HP: 42/49 MP: 9/9
  1778 | D:4      | Found Viog's Armour Shoppe.
  1816 | D:4      | Reached skill level 8 in Necromancy
  2321 | D:4      | Reached skill level 9 in Necromancy
  2421 | D:5      | Entered Level 5 of the Dungeon
  2482 | D:5      | Found a stormy altar of Qazlal.
  2562 | D:5      | Reached XP level 7. HP: 54/56 MP: 6/10
  2630 | D:5      | Reached skill level 1 in Fighting
  2630 | D:5      | Reached skill level 1 in Armour
  2806 | D:5      | Noticed Grinder
  3187 | D:5      | Reached skill level 1 in Axes
  3229 | D:6      | Found a snail-covered altar of Cheibriados.
  3406 | D:6      | Reached XP level 8. HP: 41/67 MP: 0/13
  3547 | D:6      | Found a staircase to the Ecumenical Temple.
  3550 | D:6      | Noticed Duvessa
  3551 | D:6      | Noticed Dowan
  3625 | D:5      | Found a shattered altar of Ashenzari.
  3821 | D:6      | Killed Dowan
  3823 | D:6      | Killed Duvessa
  4010 | Temple   | Entered the Ecumenical Temple
  4101 | Temple   | Became a worshipper of Gozag Ym Sagoz the Greedy
  4171 | D:6      | Reached skill level 10 in Necromancy
  4549 | D:5      | Killed Grinder
  4549 | D:5      | Gained mutation: You passively map the area around you. [Deep Dwarf growth]
  4549 | D:5      | Reached XP level 9. HP: 69/73 MP: 14/16
  4825 | D:3      | Killed AdmiralAndromeda's ghost
  4825 | D:3      | Reached skill level 5 in Axes
  4825 | D:3      | Reached skill level 5 in Spellcasting
  5576 | D:2      | Noticed Natasha
  5585 | D:2      | Killed Natasha
  5595 | D:2      | Noticed Terence
  5605 | D:2      | Killed Terence
  5629 | D:2      | Found a shadowy altar of Dithmenos.
  5637 | D:2      | Found a sacrificial altar of Ru.
  5672 | D:2      | Noticed Natasha
  5678 | D:2      | Killed Natasha
  5809 | D:2      | Noticed Natasha
  5822 | D:2      | Killed Natasha
  6465 | D:6      | Reached skill level 1 in Evocations
  6638 | D:7      | Found a sand-covered staircase.
  6892 | Ossuary  | Entered an ossuary
  6964 | Ossuary  | Reached skill level 5 in Evocations
  7447 | D:7      | Found a radiant altar of Vehumet.
  7700 | D:7      | Reached XP level 10. HP: 51/84 MP: 5/17
  7877 | D:7      | Found a blossoming altar of Fedhas.
  8446 | D:8      | Found a huge runed gate.
  8446 | D:8      | Found a huge runed gate.
  8446 | D:8      | Found a huge runed gate.
  8446 | D:8      | Found a huge runed gate.
  8538 | D:8      | Found a hazy altar of Hepliaklqana.
  8539 | D:8      | Found a shimmering altar of Xom.
  8694 | D:9      | Reached skill level 5 in Armour
  8708 | D:9      | Found a white marble altar of Elyvilon.
  8761 | D:9      | Found a basalt altar of Yredelemnul.
  8831 | D:9      | Noticed a two-headed ogre
  8837 | D:9      | Killed a two-headed ogre
  8926 | D:9      | Noticed a two-headed ogre
  8938 | D:9      | Killed a two-headed ogre
  9022 | D:9      | Found a staircase to the Lair.
  9273 | D:9      | Reached XP level 11. HP: 56/92 MP: 1/18
  9376 | D:9      | Found a hide-covered altar of Uskayaw.
  9581 | D:10     | Entered Level 10 of the Dungeon
  9621 | D:10     | Noticed a six-headed hydra
  9648 | D:10     | Killed an unseen horror
  9648 | D:10     | Reached skill level 11 in Necromancy
 10093 | D:10     | Killed a six-headed hydra
 10093 | D:10     | Reached skill level 5 in Fighting
 10158 | D:10     | Found a staircase to the Orcish Mines.
 10775 | Orc:1    | Entered Level 1 of the Orcish Mines
 10919 | Orc:2    | Entered Level 2 of the Orcish Mines
 10929 | Orc:2    | Reached skill level 10 in Axes
 10937 | Orc:2    | Noticed Josephine
 10942 | Orc:2    | Killed Josephine
 11037 | Orc:2    | Reached skill level 12 in Necromancy
 11169 | Orc:2    | Noticed a soul eater
 11202 | Orc:2    | HP: 3/95 [troll (4)]
 11209 | Orc:2    | Noticed an orc high priest
 11227 | Orc:1    | HP: 2/96 [troll (9)]
 11236 | Orc:1    | Found a bloodstained altar of Trog.
 11320 | Lair:1   | Entered Level 1 of the Lair of Beasts
 11327 | Lair:1   | Slain by a crocodile

Skill      XL: |  1  2  3  4  5  6  7  8  9 10 11 |
---------------+----------------------------------+-----
Spellcasting   | 2 3 4 5 |  5.2
Necromancy     | 5 6 7 9 10 12 | 12.0
Fighting       | 2 3 4 5 |  5.5
Armour         | 2 8 |  8.1
Axes           | 2 4 8 9 10 | 10.5
Evocations     | 6 |  6.0
Dodging        | |  2.1
Stealth        | |  2.4

Action                   |  1- 3 |  4- 6 |  7- 9 | 10-12 || total
-------------------------+-------+-------+-------+-------++-------
Melee: Staff             |    10 |    33 |    22 |     9 ||    74
       War axe           |       |       |   311 |   255 ||   566
 Fire: Shortbow          |       |       |     6 |       ||     6
Throw: Throwing net      |       |       |       |     1 ||     1
 Cast: Pain              |    28 |    43 |    21 |       ||    92
       Vampiric Draining |       |    17 |   119 |   128 ||   264
Evoke: Wand              |       |       |     7 |    11 ||    18
       Staff of energy   |       |       |       |     1 ||     1
  Use: Scroll            |       |     2 |     1 |    18 ||    21
       Potion            |       |     1 |       |     3 ||     4
 Stab: Distracted        |       |       |     3 |     3 ||     6
       Confused          |       |       |       |     2 ||     2
       Sleeping          |       |       |       |     1 ||     1
  Eat: Chunk             |       |     5 |     9 |       ||    14
       Fruit             |       |       |    11 |     5 ||    16
       Royal jelly       |       |       |     3 |     2 ||     5
Armor: Robe              |     7 |       |       |       ||     7
       Leather armour    |       |    13 |       |       ||    13
       Ring mail         |       |     2 |   171 |    10 ||   183
       Scale mail        |       |       |       |   143 ||   143
Dodge: Dodged            |    18 |    48 |   290 |   196 ||   552
